 Dungeon Crawl Stone Soup version 0.26.1-11-gd32895ea62 (webtiles) character file.

Game seed: 15666614005811139022

440 ubername the Firebug (level 7, -2/72 HPs)
             Began as a Barachi Fire Elementalist on July 18, 2021.
             Was an Initiate of Vehumet.
             Killed by an exploding a scorpion (7 damage)
             ... exploding inner flame
             ... on level 4 of the Dungeon.
             The game lasted 00:13:11 (5875 turns).

ubername the Firebug (Barachi Fire Elementalist)    Turns: 5875, Time: 00:13:12

Health: -2/72      AC: 23    Str:  9    XL:     7   Next: 2%
Magic:  0/13       EV:  2    Int: 17    God:    Vehumet [......]
Gold:   184        SH:  0    Dex: 13    Spells: 11/15 levels left

rFire    . . .     SeeInvis .   f - +0 dagger
rCold    . . .     Faith    .   (no shield)
rNeg     + + +     Spirit   +   (armour currently unavailable)
rPois    +         Reflect  .   (helmet currently unavailable)
rElec    .         Harm     .   (cloak currently unavailable)
rCorr    .         Rampage  .   (gloves currently unavailable)
Will     .....     NoTele   +   (boots currently unavailable)
Stlth    ++........             e - amulet of guardian spirit
HPRegen  0.22/turn              (no ring)
MPRegen  0.13/turn              (no ring)

@: brilliant, lethally poisoned (-2 -> -3), tree-form, hasted, very quick
A: +LOS, swims, rugged brown scales 1, sense surroundings 1, subdued magic 1
a: Renounce Religion


You were on level 4 of the Dungeon.
You worshipped Vehumet.
Vehumet was noncommittal.
You were a tree.
You visited 2 branches of the dungeon, and saw 5 of its levels.

You collected 184 gold pieces.

Inventory:

Hand Weapons
 c - a +0 club
 f - a +0 dagger (weapon)
Missiles
 b - 119 stones
 g - 20 poisoned darts (quivered)
 m - 8 boomerangs
Armour
 a - a +1 robe (melded)
 d - a +0 pair of gloves (melded)
 w - a scarf of harm
Magical Staves
 j - an uncursed staff of cold {unknown}
Jewellery
 e - an amulet of guardian spirit (around neck)
Scrolls
 o - 2 scrolls of identify
 s - a scroll of fog {unknown}
 t - 2 scrolls of enchant armour
 u - a scroll of remove curse
 v - a scroll of fear {unknown}
 x - a scroll of amnesia
Potions
 h - a potion of might
 l - a potion of brilliance
 r - a potion of flight {unknown}


   Skills:
 + Level 0.6 Fighting
 + Level 0.9 Throwing
 + Level 2.9 Dodging
 + Level 2.5 Stealth
 + Level 4.6 Spellcasting
 + Level 3.0 Conjurations
 + Level 1.2 Hexes
 + Level 5.2 Fire Magic


You had 11 spell levels left.
You knew the following spells:

 Your Spells              Type           Power        Failure   Level
a - Foxfire               Conj/Fire      80%          1%          1
b - Inner Flame           Hex/Fire       17%          10%         3

Your spell library contained the following spells:

 Spells                   Type           Power        Failure   Level
 Conjure Flame            Conj/Fire      20%          7%          3
 Sticky Flame             Conj/Fire      20%          22%         4
 Fireball                 Conj/Fire      10%          54%         5


Dungeon Overview and Level Annotations

Branches:
Dungeon (4/15)             Temple (1/1) D:4

Altars:
Ashenzari
Cheibriados
Dithmenos
Elyvilon
Fedhas
Gozag
Kikubaaqudgha
Makhleb
Okawaru
Qazlal
Sif Muna
Trog
Uskayaw
Vehumet
Wu Jian
Xom
Yredelemnul
Zin
The Shining One


Innate Abilities, Weirdness & Mutations

You can be seen from farther away. (+LOS)
You can swim through water.
((You cover ground slowly.))
((You can hop short distances.))
(You are partially covered in rugged brown scales. (AC +1, +3% HP))
You passively map a small area around you.
Your spells are a little easier to cast, but a little less powerful.


Message History

You closely miss the scorpion. The scorpion barely misses you.
You barely miss the scorpion. The scorpion stings you.
* * * LOW HITPOINT WARNING * * *
You hit the scorpion.
Flame seeps out of the scorpion.
The scorpion is lightly wounded.
You hit the scorpion but do no damage.
The scorpion is lightly wounded.
You feel sick.
The scorpion is engulfed in blazing flames.
Flame seeps out of the scorpion.
The scorpion barely misses you.
You closely miss the scorpion.
The scorpion is moderately wounded.
The scorpion is engulfed in blazing flames.
Vehumet accepts your kill.
The scorpion explodes!
The fiery explosion engulfs the scorpion!!!
You kill the scorpion!
Vehumet accepts your kill. The fiery explosion engulfs you!
You die...

############
#........s.#
#.########.############
#.# #..°♣........# #
#.# ############.# #
#.# #.######## #.#
#.......## #.#
#######.## ####.######
#.## #.........# #.##
#.#####.#.## #####.##
#.# #.##^### #..<....


There were no monsters in sight!

Vanquished Creatures
  5 scorpions (D:4)
  Natasha (thrice) (D:4)
  An orc wizard (D:4)
  4 gnolls (D:4)
  7 adders
  An ooze (D:1)
  2 worms
  A dart slug (D:1)
  3 leopard geckos
  5 orcs
  3 giant cockroaches
  6 goblins
  8 hobgoblins
  4 jackals (D:2)
  12 kobolds
  A quokka (D:4)
  A ball python (D:3)
  4 bats
  5 frilled lizards
  6 rats
82 creatures vanquished.

Vanquished Creatures (others)
  263 foxfires
  16 fungi (D:4)
  A plant (D:3)
280 creatures vanquished.

Grand Total: 362 creatures vanquished

Notes
Turn   | Place    | Note
-------+----------+-------------------------------------------
     0 | D:1      | ubername the Barachi Fire Elementalist began the quest for
                  | the Orb.
     0 | D:1      | Reached XP level 1. HP: 13/13 MP: 3/3
   331 | D:1      | Reached XP level 2. HP: 19/19 MP: 3/5
  1092 | D:1      | Reached XP level 3. HP: 24/24 MP: 3/6
  1096 | D:1      | Learned a level 3 spell: Inner Flame
  1961 | D:2      | Found a glowing golden altar of the Shining One.
  1970 | D:2      | Reached skill level 4 in Fire Magic
  2308 | D:2      | Reached XP level 4. HP: 22/30 MP: 1/8
  2594 | D:2      | Found a hide-covered altar of Uskayaw.
  3137 | D:3      | Gained mutation: You are partially covered in rugged brown
                  | scales. (AC +1, +3% HP) [potion of mutation]
  3137 | D:3      | Gained mutation: You do not regenerate when monsters are
                  | visible. [potion of mutation]
  3137 | D:3      | Gained mutation: You possess an exceptional clarity of
                  | mind. [potion of mutation]
  3306 | D:3      | Found an iron altar of Okawaru.
  3428 | D:3      | Lost mutation: You do not regenerate when monsters are
                  | visible. [potion of mutation]
  3428 | D:3      | Lost mutation: You possess an exceptional clarity of mind.
                  | [potion of mutation]
  3428 | D:3      | Gained mutation: You passively map a small area around you.
                  | [potion of mutation]
  3428 | D:3      | Gained mutation: Your spells are a little easier to cast,
                  | but a little less powerful. [potion of mutation]
  3428 | D:3      | Gained mutation: You are clumsy. (Dex -2) [potion of
                  | mutation]
  3428 | D:3      | Lost mutation: You are clumsy. (Dex -2) [potion of
                  | mutation]
  3879 | D:3      | Reached XP level 5. HP: 36/36 MP: 6/10
  4318 | D:4      | Noticed Natasha
  4322 | D:4      | Killed Natasha
  4418 | D:4      | Noticed Natasha
  4435 | D:4      | HP: 1/54 [Natasha/magic dart (2)]
  4438 | D:4      | Killed Natasha
  4439 | D:4      | Reached XP level 6. HP: 2/42 MP: 2/12
  4606 | D:4      | Reached skill level 5 in Fire Magic
  4849 | D:4      | Found a staircase to the Ecumenical Temple.
  5084 | Temple   | Entered the Ecumenical Temple
  5195 | Temple   | Became a worshipper of Vehumet
  5305 | D:4      | Reached skill level 1 in Hexes
  5370 | D:4      | Noticed Natasha
  5389 | D:4      | Killed Natasha
  5707 | D:4      | Reached XP level 7. HP: 43/48 MP: 9/13
  5875 | D:4      | Killed by an exploding a scorpion... exploding inner flame

Illustrated notes

Levels and vault maps discovered:
D:1:      sevenhm_arrival_forest_fort_large_4, layout_loops_corners,
          minmay_pentomino_o4
D:2:      layout_loops_ring, overflow_temple_1_default,
          nicolae_overflow_hidden_temple
D:3:      cheibrodos_old_hovel, layout_basic, overflow_temple_1_default,
          st_stairs_12
D:4:      old_forge, layout_loops_ring, minmay_temple_entry_arrows, uniq_natasha
Temple:   eino_temple_rhombus

Skill      XL: |  1  2  3  4  5  6 |
---------------+-------------------+-----
Stealth        | 2 |  2.5
Fire Magic     | 4 5 |  5.2
Spellcasting   | 3 4 |  4.6
Conjurations   | 2 3 |  3.0
Hexes          | 1 |  1.2
Fighting       | |  0.6
Throwing       | |  0.9
Dodging        | |  2.9

Action                   |  1- 3 |  4- 6 |  7- 9 || total
-------------------------+-------+-------+-------++-------
Melee: Club              |     1 |       |       ||     1
       Dagger            |    16 |    29 |    14 ||    59
Throw: Stone             |     1 |       |       ||     1
       Dart              |    11 |     7 |       ||    18
 Cast: Foxfire           |    60 |   113 |    10 ||   183
       Inner Flame       |     2 |     5 |     1 ||     8
 Abil: Hop               |       |     1 |       ||     1
  Use: Scroll            |     2 |     5 |     1 ||     8
       Potion            |       |     6 |     5 ||    11
Armor: Robe              |    21 |     9 |     6 ||    36
       Skin              |       |       |     3 ||     3
Dodge: Dodged            |    41 |    35 |    19 ||    95
